 Dungeon Crawl Stone Soup version 0.29-a0-459-g97dee8cd24 (webtiles) character file.

Game seed: 5370345268419568630

19702 holysushi the Grappler (level 12, -6/94 HPs)
             Began as a Demonspawn Monk on May 21, 2022.
             Was a Believer of Uskayaw.
             Mangled by a death yak (15 damage)
             ... on level 2 of the Lair of Beasts.
             The game lasted 00:21:58 (17942 turns).

holysushi the Grappler (Demonspawn Monk)           Turns: 17942, Time: 00:21:59

Health: -6/94      AC:  7    Str: 16    XL:     12   Next: 38%
Magic:  19/19      EV: 16    Int: 13    God:    Uskayaw [**....]
Gold:   621        SH:  0    Dex: 15    Spells: 11/11 levels left

rFire   . . .      SeeInvis .     - Unarmed
rCold   . . .      Faith    +   (no shield)
rNeg    . . .      Spirit   .   y - +0 steam dragon scales
rPois   .          Reflect  .   (helmet restricted)
rElec   .          Harm     .   h - +0 cloak
rCorr   .          Rampage  .   (no gloves)
Will    +....                   E - +0 pair of boots
Stlth   +++.......              z - amulet of faith
HPRegen 0.25/turn               Q - ring of willpower
MPRegen 0.16/turn               O - +4 ring of slaying

@: no status effects
A: claws 2, horns 2, spiny 2, weakness stinger 1
a: Renounce Religion, Stomp, Line Pass


You were on level 2 of the Lair of Beasts.
You worshipped Uskayaw.
Uskayaw was aware of your devotion.
You visited 3 branches of the dungeon, and saw 14 of its levels.

You collected 743 gold pieces.
You spent 122 gold pieces at shops.

Inventory:

Armour
 h - a +0 cloak (worn)
 i - a +0 scale mail
 y - +0 steam dragon scales (worn)
 E - a +0 pair of boots (worn)
Jewellery
 j - a ring of poison resistance
 p - a ring of resist corrosion
 q - a ring of positive energy
 z - an amulet of faith (around neck)
 O - a +4 ring of slaying (right claw)
 Q - a ring of willpower (left claw)
Wands
 r - a wand of charming (8)
 C - a wand of mindburst (6)
 I - a wand of iceblast (21)
 N - a wand of flame (28)
Scrolls
 b - a scroll of noise
 e - 2 scrolls of silence
 g - 3 scrolls of teleportation
 k - 4 scrolls of immolation {unknown}
 l - 3 scrolls of enchant armour
 n - 5 scrolls of fog {unknown}
 o - a scroll of fear {unknown}
 s - 3 scrolls of poison {unknown}
 v - 2 scrolls of torment {unknown}
 w - a scroll of blinking {unknown}
 x - 5 scrolls of vulnerability {unknown}
 A - 4 scrolls of identify
 B - a scroll of amnesia {unknown}
 F - 3 scrolls of magic mapping {unknown}
 L - a scroll of enchant weapon {unknown}
 M - 2 scrolls of brand weapon {unknown}
Potions
 a - 2 potions of might
 c - 3 potions of ambrosia
 d - 2 potions of brilliance
 f - 4 potions of curing
 m - 3 potions of lignification
 t - a potion of resistance
 u - a potion of magic
 D - 3 potions of mutation
 G - a potion of berserk rage
 H - 2 potions of haste
 J - a potion of invisibility
 K - a potion of attraction
 P - 2 potions of flight


   Skills:
 + Level 8.8 Fighting
 - Level 3.2 Short Blades
 + Level 8.1 Dodging
 - Level 4.0 Stealth
 + Level 13.6 Unarmed Combat
 + Level 9.8 Invocations


You had 11 spell levels left.
You didn't know any spells.
Your spell library contained the following spells:

 Spells                   Type           Power      Damage    Failure   Level
 Foxfire                  Conj/Fire      0%         2x1d4     30%         1
 Sandblast                Erth           0%         2d4       30%         1
 Ensorcelled Hibernation  Hex/Ice        0%         N/A       43%         2
 Passwall                 Tmut/Erth      0%         N/A       43%         2
 Call Canine Familiar     Summ           0%         N/A       67%         3
 Conjure Flame            Conj/Fire      0%         6-21      67%         3
 Dazzling Flash           Conj/Hex       0%         N/A       67%         3
 Inner Flame              Hex/Fire       0%         N/A       67%         3
 Ozocubu's Armour         Ice            0%         N/A       67%         3
 Portal Projectile        Hex/Tloc       0%         N/A       67%         3
 Spider Form              Tmut/Pois      0%         N/A       67%         3
 Stone Arrow              Conj/Erth      0%         3d7       67%         3
 Anguish                  Hex/Necr       0%         N/A       97%         4
 Animate Dead             Necr           0%         N/A       97%         4
 Flame Wave               Conj/Fire      0%         2d4       97%         4
 Leda's Liquefaction      Hex/Erth       0%         N/A       97%         4
 Summon Ice Beast         Ice/Summ       0%         N/A       97%         4
 Agony                    Necr           0%         N/A       100%        5
 Metabolic Englaciation   Hex/Ice        0%         N/A       100%        5
 Silence                  Hex/Air        0%         N/A       100%        5
 Summon Mana Viper        Hex/Summ       0%         N/A       100%        5
 Simulacrum               Ice/Necr       0%         N/A       100%        6
 Haunt                    Necr/Summ      0%         N/A       100%        7
 Monstrous Menagerie      Summ           0%         N/A       100%        7
 Ozocubu's Refrigeration  Ice            0%         4d5       100%        7
 Infestation              Necr           0%         N/A       100%        8


Dungeon Overview and Level Annotations

Branches:
Dungeon (11/15)            Temple (1/1) D:7            Lair (2/6) D:8
  Snake (0/4) Lair:2
  Swamp: Lair:2-4    Shoals: Lair:2-4       Orc: D:9-12

Altars:
Ashenzari
Cheibriados
Dithmenos
Elyvilon
Fedhas
Gozag
Hepliaklqana
Kikubaaqudgha
Makhleb
Nemelex Xobeh
Okawaru
Qazlal
Ru
Sif Muna
Trog
Uskayaw
Vehumet
Wu Jian
Xom
Yredelemnul
Zin
The Shining One

Shops:
D:3 *[?   D:4 *   D:6 (   D:10 =

Annotations:
D:2 1 runed translucent door, exclusion: door, Crazy Yiuf
D:5 Edmund
D:10 exclusion: downstairs


Innate Abilities, Weirdness & Mutations

You have very sharp fingernails.
You have a pair of horns on your head.
You are mostly covered in sharp spines.
You have a small tail.


Message History

You scratch the rime drake. You headbutt the rime drake!
You claw the rime drake!
You kill the rime drake!
You can now pass through a line of other dancers.
Unknown command.
No target in view!
No target in view!
Unknown command.
You see here a rime drake corpse.
You see here a rime drake corpse.
The death yak bellows!
You hear a bellow! x2
A death yak is nearby!
There is a staircase to the Snake Pit here.
You swing at nothing.
You swing at nothing.
You swing at nothing.
You swing at nothing.
The yak bellows! x2
You claw the death yak!
The death yak is lightly wounded.
The death yak is struck by your spines. The death yak gores you!!
You claw the death yak!
The death yak is moderately wounded.
The death yak gores you!!
You can now pass through a line of other dancers.
You scratch the death yak but do no damage.
The death yak is moderately wounded.
You claw the death yak! Your headbutt misses the death yak.
The death yak is heavily wounded.
The death yak is struck by your spines. The death yak gores you!
The yak bellows!
You scratch the death yak but do no damage.
You headbutt the death yak!
The death yak is severely wounded.
The death yak gores you!!
* * * LOW HITPOINT WARNING * * *
You mangle the death yak!! You headbutt the death yak. You claw the death yak.
The death yak is almost dead.
The death yak gores you!
You die...

..#♣♣.♣♣.♣♣♣.... #....♣
................ #.....
............)..# #.....
...............####.....
######...###......P†....
#.......#............
##.......#....≈≈≈≈....
#.#...........#..≈≈≈≈≈..
.......@........≈≈≈≈≈≈≈.
.#.....Y.........≈≈≈≈≈≈.
###...Y...#......≈≈≈≈≈.
#...Y...#....<.≈≈≈≈≈.
###..Y###.....≈≈≈≈≈≈.
#..........≈≈≈≈≈≈..
....YP#..#..≈≈≈≈≈..
..............≈....
................


You could see a death yak and 4 yaks.

Vanquished Creatures
  A hydra (Lair:2)
  Erica (D:9)
  A two-headed ogre (D:10)
  5 death yaks
  Sonja (D:10)
  A black mamba (Lair:2)
  2 cane toads
  4 komodo dragons
  A rime drake (Lair:2)
  Prince Ribbit (D:7)
  A dream sheep (Lair:2)
  Grinder (D:6)
  A hornet (D:7)
  3 slime creatures
  4 blink frogs (Lair:2)
  A shadow (D:10)
  Grum (D:9)
  A basilisk (Lair:2)
  6 wyverns
  10 yaks (Lair:2)
  5 steam dragons
  A vampire mosquito (D:11)
  4 nagas (Lair:2)
  3 wargs (D:7)
  10 water moccasins
  An acid dragon (D:10)
  Duvessa (D:6)
  6 ice beasts
  3 black bears
  2 sky beasts (D:7)
  3 ogres
  2 wolves (D:9)
  3 centaurs
  5 phantoms
  4 kobold brigands
  A gnoll sergeant (D:10)
  6 bullfrogs
  A necrophage (D:4)
  4 scorpions
  A wight (D:10)
  Dowan (D:6)
  4 killer bees (D:9)
  7 howler monkeys
  8 jellies
  8 orc priests
  A gnoll shaman (D:7)
  3 hounds
  6 orc wizards
  3 iguanas
  Natasha (thrice) (D:3)
  Robin (D:2)
  5 gnolls
  7 adders
  A white imp (D:7)
  A worm (D:5)
  2 dart slugs
  19 orcs
  8 endoplasms
  A giant cockroach (D:2)
  14 goblins
  13 hobgoblins
  7 quokkas
  6 ball pythons
  4 bats (D:2)
  A frilled lizard (D:1)
  21 kobolds
  4 rats
272 creatures vanquished.

Vanquished Creatures (others)
  13 fungi
  33 plants
  6 toadstools (D:8)
52 creatures vanquished.

Grand Total: 324 creatures vanquished

Notes
Turn   | Place    | Note
-------+----------+-------------------------------------------
     0 | D:1      | holysushi the Demonspawn Monk began the quest for the Orb.
     0 | D:1      | Reached XP level 1. HP: 18/18 MP: 1/1
   526 | D:1      | Discovered your monstrous ancestry.
   526 | D:1      | Gained mutation: You have a small tail. [demonic ancestry]
   526 | D:1      | Reached XP level 2. HP: 21/24 MP: 2/2
  1468 | D:2      | Reached skill level 1 in Unarmed Combat
  1503 | D:2      | Noticed Robin
  2226 | D:2      | Found a runed translucent door.
  2227 | D:2      | Noticed Crazy Yiuf
  2468 | D:1      | Gained mutation: You are partially covered in sharp spines.
                  | [demonic ancestry]
  2468 | D:1      | Reached XP level 3. HP: 17/29 MP: 3/3
  2788 | D:2      | Reached skill level 2 in Unarmed Combat
  3141 | D:2      | Killed Robin
  3142 | D:2      | Reached XP level 4. HP: 4/35 MP: 4/4
  3553 | D:2      | Reached skill level 3 in Unarmed Combat
  3595 | D:2      | Noticed an ogre
  3873 | D:2      | Found a faded altar of an unknown god.
  3969 | D:3      | Found Goshiuf's Antique Armour Shoppe.
  3989 | D:3      | Found Limiyl's Assorted Antiques.
  4093 | D:3      | Noticed Natasha
  4107 | D:3      | Killed Natasha
  4209 | D:3      | Noticed Natasha
  4222 | D:3      | Killed Natasha
  4285 | D:3      | Gained mutation: You have a pair of small horns on your
                  | head. [demonic ancestry]
  4285 | D:3      | Reached XP level 5. HP: 41/41 MP: 5/5
  4350 | D:3      | Found Roxt's Magic Scroll Boutique.
  4368 | D:3      | Bought a scroll of teleportation for 42 gold pieces
  4394 | D:3      | Noticed Natasha
  4415 | D:3      | Killed Natasha
  4416 | D:3      | Reached skill level 4 in Unarmed Combat
  4625 | D:3      | Identified the +7 hunting sling of Maironno {flame, Will+
                  | Str-5 Int+6}
  5239 | D:4      | Reached skill level 5 in Unarmed Combat
  5239 | D:4      | Gained mutation: You have sharp fingernails. [demonic
                  | ancestry]
  5239 | D:4      | Reached XP level 6. HP: 30/47 MP: 6/6
  5834 | D:4      | Reached skill level 6 in Unarmed Combat
  5925 | D:4      | Gained mutation: You have very sharp fingernails. [demonic
                  | ancestry]
  5925 | D:4      | Reached XP level 7. HP: 39/52 MP: 7/7
  6253 | D:4      | Reached skill level 7 in Unarmed Combat
  6284 | D:4      | Found Myb Zohu's General Store.
  6290 | D:4      | Bought a scroll of identify for 20 gold pieces
  6290 | D:4      | Bought 2 potions of curing for 60 gold pieces
  6463 | D:5      | Entered Level 5 of the Dungeon
  6786 | D:5      | Reached skill level 8 in Unarmed Combat
  6843 | D:5      | Gained mutation: You are mostly covered in sharp spines.
                  | [demonic ancestry]
  6843 | D:5      | Reached XP level 8. HP: 53/58 MP: 8/8
  7247 | D:2      | Reached skill level 9 in Unarmed Combat
  7350 | D:6      | Noticed Edmund
  7907 | D:6      | Reached skill level 10 in Unarmed Combat
  7914 | D:6      | Noticed Dowan
  7931 | D:6      | Killed Dowan
  8005 | D:6      | Found Resefrap's Antique Weapon Emporium.
  8092 | D:6      | Gained mutation: You have a pair of horns on your head.
                  | [demonic ancestry]
  8092 | D:6      | Reached XP level 9. HP: 63/63 MP: 9/9
  8122 | D:6      | Noticed Grinder
  8132 | D:6      | Paralysed by Grinder for 4 turns
  8137 | D:6      | Killed Grinder
  8138 | D:6      | Reached skill level 11 in Unarmed Combat
  8254 | D:6      | Noticed Duvessa
  8261 | D:6      | Killed Duvessa
  8688 | D:7      | Found a shimmering blue altar of Sif Muna.
  8794 | D:7      | Found a staircase to the Ecumenical Temple.
  8830 | D:7      | Noticed Prince Ribbit
  8839 | D:7      | Killed Prince Ribbit
  8867 | Temple   | Entered the Ecumenical Temple
  9266 | Temple   | Became a worshipper of Uskayaw the Reveller
  9266 | Temple   | Reached * piety under Uskayaw
  9342 | D:7      | Reached ** piety under Uskayaw
  9467 | D:7      | Reached *** piety under Uskayaw
  9473 | D:7      | Reached **** piety under Uskayaw
  9477 | D:7      | Reached ***** piety under Uskayaw
  9480 | D:7      | Reached skill level 1 in Invocations
  9720 | D:7      | Reached skill level 12 in Unarmed Combat
  9868 | D:7      | Reached XP level 10. HP: 62/73 MP: 11/11
 10257 | D:7      | Reached skill level 5 in Fighting
 11041 | D:8      | Reached ****** piety under Uskayaw
 11373 | D:8      | Found a staircase to the Lair.
 11396 | D:7      | Reached skill level 5 in Dodging
 11759 | D:8      | Reached skill level 5 in Invocations
 12223 | D:9      | Noticed Erica
 12267 | D:9      | Noticed Grum
 12634 | D:9      | Killed Grum
 12849 | D:10     | Entered Level 10 of the Dungeon
 13193 | D:9      | Killed Erica
 13194 | D:9      | Reached XP level 11. HP: 59/81 MP: 15/15
 13630 | D:10     | Found an ancient bone altar of Kikubaaqudgha.
 13801 | D:10     | Found a shimmering altar of Xom.
 13846 | D:10     | Noticed a two-headed ogre
 13860 | D:10     | Killed a two-headed ogre
 14237 | D:10     | Found an ornate altar of the Wu Jian Council.
 14262 | D:10     | Found Kymimainn's Jewellery Shop.
 14515 | D:10     | Noticed Sonja
 14529 | D:10     | Killed Sonja
 14902 | Lair:1   | Entered Level 1 of the Lair of Beasts
 15846 | Lair:2   | Noticed a seven-headed hydra
 15873 | Lair:2   | Killed a seven-headed hydra
 15874 | Lair:2   | Reached skill level 13 in Unarmed Combat
 16055 | Lair:2   | Noticed a death yak
 16060 | Lair:2   | Noticed a death yak
 16587 | Lair:2   | Noticed a death yak
 16616 | Lair:2   | Killed a death yak
 16915 | Lair:2   | Killed a death yak
 16916 | Lair:2   | Reached XP level 12. HP: 57/93 MP: 18/18
 17113 | Lair:2   | Killed a death yak
 17497 | Lair:2   | Noticed a death yak
 17498 | Lair:2   | Noticed a death yak
 17499 | Lair:2   | Found a staircase to the Snake Pit.
 17504 | Lair:2   | Noticed a death yak
 17516 | Lair:1   | Killed a death yak
 17521 | Lair:1   | Killed a death yak
 17942 | Lair:2   | Mangled by a death yak

Illustrated notes

Levels and vault maps discovered:
D:1:      minmay_arrival_four_loops, layout_basic
D:2:      kennysheep_six_static_rooms, layout_loops_ring,
          basic_ecumenical_altar, nicolae_concentric_dashed_squares_mild,
          uniq_robin, uniq_crazy_yiuf_cottage
D:3:      layout_loops_cross, serial_shops, nicolae_shop_crystal,
          nicolae_shop_overgrown_old_shop, shop, corner_web_ring, uniq_natasha
D:4:      layout_cave_pods, serial_shops, shop, minmay_misc_feat_room,
          sigmund_army
D:5:      layout_loops_cross
D:6:      layout_loops_cross, serial_shops, shop, nrook_campfire, uniq_grinder,
          uniq_duvessa, uniq_edmund
D:7:      layout_loops_cross, mainiacjoe_overflow_24_doors,
          minmay_temple_entry_butterflies, serial_glass, glass_columns_a,
          glass_columns_a, hangedman_glass_teeth, nzn_random_ring,
          uniq_prince_ribbit1
D:8:      cheibrodos_fertilizer, layout_rooms, erik_lair_orcish_takeover
D:9:      layout_cave_pods, uniq_erica, uniq_grum
D:10:     layout_cave_pools, serial_park, serial_park_square1
          [serial_park_minivault_5x5_4], serial_park_square2,
          serial_park_tiny_2, serial_park_square2, serial_park_tiny_1,
          minmay_shop_enchanted_jewellery, st_stairs_10, uniq_sonja
D:11:     layout_cave_pools, orc_0_dummy, uniq_snorg
Temple:   mainiacjoe_temple_trianglar_array
Lair:1:   layout_loops_ring, grunt_forest_stairs_basic
Lair:2:   layout_chaotic_city, minmay_snake_entry_guardpost_small,
          wad_woods_river_01, infiniplex_staircase_pool

Skill      XL: |  1  2  3  4  5  6  7  8  9 10 11 12 |
---------------+-------------------------------------+-----
Short Blades   | 3 |  3.2
Unarmed Combat | 1 2 3 5 6 8 10 12 13 | 13.6
Dodging        | 4 5 7 8 |  8.1
Fighting       | 4 6 8 |  8.8
Invocations    | 2 6 8 9 |  9.8
Stealth        | 4 |  4.0

Action                   |  1- 3 |  4- 6 |  7- 9 | 10-12 || total
-------------------------+-------+-------+-------+-------++-------
Melee: Short sword       |    20 |       |       |       ||    20
       Punch             |     4 |     7 |    17 |    28 ||    56
       Unarmed           |   125 |   123 |   183 |   336 ||   767
       Tailslap          |    16 |    15 |    30 |    54 ||   115
       Headbutt          |       |    15 |    32 |   103 ||   150
Invok: Line Pass         |       |       |       |     1 ||     1
Evoke: Wand              |       |       |     1 |     4 ||     5
  Use: Potion            |     2 |     1 |     1 |     2 ||     6
       Scroll            |       |       |     6 |    10 ||    16
 Stab: Sleeping          |     5 |     4 |     3 |     5 ||    17
       Distracted        |     1 |       |       |     2 ||     3
       Paralysed         |       |       |     2 |    24 ||    26
Armor: Robe              |     7 |       |       |       ||     7
       Leather armour    |    26 |    18 |     7 |       ||    51
       Steam dragon scal |       |       |    24 |    53 ||    77
Dodge: Dodged            |   104 |    56 |    87 |   145 ||   392

Table legend: (Time is in decaauts)
 A = Elapsed time spent in this place.
 B = Non-inter-level travel time spent in this place.
 C = Inter-level travel time spent in this place.
 D = Time resting spent in this place.
 E = Time spent auto-exploring this place.
 F = Levels seen in this place.
 G = Mean time per level.
                   A        B        C        D        E       F      G
               +--------+--------+--------+--------+--------+-----+--------+
         Total |  17851 |  17057 |    794 |   6734 |   7378 |  14 | 1275.1 |
       Dungeon |  14422 |  13708 |    714 |   5038 |   6212 |  11 | 1311.1 |
        Temple |    426 |    395 |     31 |      0 |    368 |   1 |  426.0 |
          Lair |   3002 |   2954 |     48 |   1696 |    797 |   2 | 1501.0 |
               +--------+--------+--------+--------+--------+-----+--------+

Top non-repeatable levels by time:
     D:1: 2196 daAuts
  Lair:1: 2184 daAuts
     D:7: 2149 daAuts
     D:2: 2000 daAuts
    D:10: 1572 daAuts
     D:4: 1382 daAuts
     D:3: 1300 daAuts
     D:8: 1178 daAuts
     D:9: 1080 daAuts
     D:5: 874 daAuts
  Lair:2: 818 daAuts
     D:6: 661 daAuts
  Temple: 426 daAuts
    D:11: 26 daAuts
